 Dungeon Crawl Stone Soup version 0.28.0 (webtiles) character file.

Game seed: 185133478650332293

100 GrayStillPlays the Skirmisher (level 4, -2/24 HPs)
             Began as a Vine Stalker Fighter on Feb 8, 2022.
             Slain by an orc priest (4 damage)
             ... on level 2 of the Dungeon.
             The game lasted 00:04:11 (1974 turns).

GrayStillPlays the Skirmisher (VSFi)                Turns: 1974, Time: 00:04:12

Health: -2/24      AC:  8    Str: 19    XL:     4   Next: 73%
Magic:  0/5        EV: 10    Int: 10    God:
Gold:   67         SH:  5    Dex: 19    Spells: 1/3 levels left

rFire   . . .      SeeInvis .   a - +0 flail {mace}
rCold   . . .      Faith    .   c - +0 buckler
rNeg    . . .      Spirit   +   o - +3 ring mail
rPois   .          Reflect  .   (no helmet)
rElec   .          Harm     .   (no cloak)
rCorr   .          Rampage  .   (no gloves)
Will    .....                   (no boots)
Stlth   +.........              (no amulet)
HPRegen 0.88/turn               e - +6 ring of dexterity
MPRegen 0.09/turn               (no ring)

@: mighty
A: fangs 2, regeneration 1, magic shield, antimagic bite, no potion heal 2
a: no special abilities


You were on level 2 of the Dungeon.
You visited 1 branch of the dungeon, and saw 3 of its levels.

You collected 67 gold pieces.


Innate Abilities, Weirdness & Mutations

You have extremely sharp teeth.
Your natural rate of healing is unusually fast.
When hurt, damage is shared between your health and your magic reserves.
Your bite disrupts and absorbs the magic of your enemies.
Potions cannot restore your health.


   Skills:
 + Level 3.4 Fighting
 + Level 2.5 Maces & Flails
 + Level 3.0 Armour
 + Level 3.2 Shields
 + Level 0.0 Spellcasting


You had one spell level left.
You knew the following spells:

 Your Spells              Type           Power      Damage    Failure   Level
a - Searing Ray           Conj           0%         2d4       78%         2

Your spell library contained the following spells:

 Spells                   Type           Power      Damage    Failure   Level
 Magic Dart               Conj           0%         1d3       65%         1
 Fulminant Prism          Conj/Hex       0%         3d6       100%        4

Inventory:

Hand Weapons
 a - a +0 flail (weapon) {mace}
Missiles
 f - 119 stones (quivered) {throwing}
 h - 46 sling bullets
 i - 19 arrows
 l - 6 datura-tipped darts {throwing}
Armour
 c - a +0 buckler (worn)
 o - a +3 ring mail (worn)
   (You found it on level 2 of the Dungeon)
Jewellery
 e - a +6 ring of dexterity (left hand)
   (You found it on level 1 of the Dungeon)
 n - a ring of fire
   (You found it on level 2 of the Dungeon)
Scrolls
 g - 2 scrolls of identify {unknown}
 j - a scroll of blinking {unknown}
 m - 2 scrolls of immolation {unknown}
Potions
 k - a potion of haste {unknown}

Dungeon Overview and Level Annotations

Branches:
Dungeon (3/15)

Altars:

..................#.#.###........
##.###..#.##..##.##.#.###........
##.###..#.##...#.##..............
....##..#.#......##.#............
.................##.#.....#'#####
.#.###..#........##.#.....#.#
........#....#...##.#......)#####
.#.#.........#.)o##.#.....##.....
.#.#.#.##....#.#@##.#.....##.....
.#.............####.#.....##.....
..................#.#.....##.....
.#####.##.#.###########+####.....
.# #..................# #..... .#
###.......###........####..... .#
#......#......###............. .#
#......#..###.# #............. .#
#.........###.# #...........##


You could see an orc priest.


Message History

Memorise Searing Ray, consuming 2 spell levels and leaving 1?
You start memorising the spell.
You continue memorising. x2
You finish memorising.
Spell assigned to 'a'.
Done exploring.
Done exploring.
There is a stone staircase leading down here.
You climb downwards.
There is a stone staircase leading up here.
An orc wizard comes into view. It is wielding a +0 dagger.
The orc wizard shouts!
An orc priest comes into view. It is wielding a +0 mace.
There is a stone staircase leading up here.
An orc comes into view. It is wielding a +0 hand axe.
The orc shouts!
An orc comes into view. It is wielding a +0 trident.
There is a stone staircase leading up here.
The orc shouts!
There is a stone staircase leading up here.
There is a stone staircase leading up here.
There is a stone staircase leading up here.
The orc wizard gestures at you while chanting.
The magic dart hits you but does no damage.
The orc priest hits you but does no damage.
You climb upwards.
There is a stone staircase leading down here.
You hit the orc wizard. Your bite misses the orc wizard.
The orc wizard hits you but does no damage.
The orc priest hits you but does no damage.
The orc wizard hits you but does no damage.
You closely miss the orc wizard. Your bite misses the orc wizard.
The orc priest closely misses you.
The orc wizard hits you but does no damage.
You hit the orc wizard. You bite the orc wizard.
The orc wizard's magic leaks into the air.
You drain its magic. You block the orc priest's attack.
The orc wizard barely misses you.
The orc priest calls upon Beogh to heal the orc wizard.
The orc wizard is healed somewhat.
You barely miss the orc wizard. You bite the orc wizard.
The orc wizard's magic leaks into the air.
You drain its magic.
The orc wizard hits you but does no damage.
You block the orc priest's attack.
You hit the orc wizard but do no damage.
Your bite misses the orc wizard.
The orc wizard falters for a moment.
The orc priest hits you with a +0 mace.
The orc wizard hits you but does no damage. 😕 HP[-2]
You take 2 damage, and now have 22/24 hp.
You barely miss the orc wizard. The orc priest closely misses you.
The orc wizard hits you with a +0 dagger.
The orc priest mumbles some strange prayers to Beogh against you.
Beogh smites you!
Ouch! That really hurt!
* * * LOW HITPOINT WARNING * * *
😨 HP[-13] MP[-3]
You take 13 damage, and now have 9/24 hp.
MASSIVE DAMAGE!! (PAUSE)
You lost 3 mp, and now have 2/5 mp.
You feel very mighty all of a sudden.
The orc wizard hits you with a +0 dagger.
* * * LOW HITPOINT WARNING * * *
The orc priest calls upon Beogh to heal the orc wizard.
The orc wizard's wounds heal themselves!
You hit the orc wizard. You bite the orc wizard.
The orc wizard's magic leaks into the air.
You drain its magic.
You feel invigorated.
The orc wizard falters for a moment.
The orc priest begins to cast a cantrip, but forgets the words! 😨 HP[+1] MP[+1]
You barely miss the orc wizard.
The orc wizard hits you but does no damage.
The orc priest hits you with a +0 mace.
* * * LOW HITPOINT WARNING * * *
The orc wizard hits you but does no damage. 😨 HP[+1]
You barely miss the orc wizard. Your bite misses the orc wizard.
The orc priest hits you but does no damage.
The orc wizard barely misses you.
The orc priest calls down the wrath of Beogh upon you.
Beogh smites you!
* * * LOW HITPOINT WARNING * * *
😱 HP[-10] MP[-3]
You take 10 damage, and now have 1/24 hp.
MASSIVE DAMAGE!! (PAUSE)
You lost 3 mp, and now have 0/5 mp.
You barely miss the orc wizard. Your bite misses the orc wizard.
The orc wizard closely misses you.
The orc priest begins to cast a cantrip, but forgets the words!
The orc wizard misses you. 😱 HP[+1]
You hit the orc wizard. Your bite misses the orc wizard.
The orc priest hits you but does no damage.
The orc wizard closely misses you. 😱 HP[+1]
You barely miss the orc wizard. You bite the orc wizard.
You kill the orc wizard!
The orc priest hits you with a +0 mace.
* * * LOW HITPOINT WARNING * * *
The orc priest hits you with a +0 mace.
You die...

Skill      XL: |  1  2  3  4 |
---------------+-------------+-----
Maces & Flails | 2 |  2.5
Fighting       | 3 |  3.4
Shields        | 3 |  3.2
Armour         | 3 |  3.0

Action                   |  1- 3 |  4- 6 || total
-------------------------+-------+-------++-------
Melee: Flail             |    74 |    46 ||   120
       Bite              |    13 |    11 ||    24
  Use: Potion            |       |     1 ||     1
Armor: Scale mail        |    25 |     7 ||    32
       Ring mail         |       |    12 ||    12
Dodge: Dodged            |    23 |    20 ||    43
Block: Buckler           |    13 |    14 ||    27

Levels and vault maps discovered:
D:1:      evilmike_arrival_rings, layout_loops_cross, serial_glass,
          glass_columns_b, glass_columns_a, glass_columns_a, glass_columns_a,
          glass_columns_a, glass_columns_c, glass_columns_c, glass_columns_a,
          glass_columns_c, glass_columns_a, glass_columns_a, glass_columns_a,
          glass_columns_a, glass_columns_b, minmay_strange_pillars,
          item_on_display_a, grunt_decor_mini_mirrors,
          chequers_serial_rivers_small_b
D:2:      layout_basic
D:3:      layout_loops_ring, mainiacjoe_overflow_24_doors,
          mainiacjoe_overflow_concentric_impassable,
          ebering_ecumenical_altar_petrified, uniq_ijyb

Notes
Turn   | Place    | Note
-------+----------+-------------------------------------------
     0 | D:1      | GrayStillPlays the Vine Stalker Fighter began the quest for
                  | the Orb.
     0 | D:1      | Reached XP level 1. HP: 11/11 MP: 2/2
     0 | D:1      | magus.rc [v1.9.6]
   223 | D:1      | Reached XP level 2. HP: 16/16 MP: 3/3
   241 | D:1      | Reached skill level 2 in Maces & Flails
   435 | D:1      | Reached skill level 3 in Fighting
   665 | D:1      | Reached XP level 3. HP: 20/20 MP: 4/4
   811 | D:1      | Reached skill level 3 in Shields
  1230 | D:2      | Gained mutation: Your natural rate of healing is unusually
                  | fast. [Vine Stalker growth]
  1230 | D:2      | Reached XP level 4. HP: 13/24 MP: 5/5
  1284 | D:2      | Reached skill level 3 in Armour
  1803 | D:2      | You pick up a book of Conjurations {@e2} and begin
                  | reading...
  1803 | D:2      | You add the spells Magic Dart, Searing Ray and Fulminant
                  | Prism to your library.
  1896 | D:2      | Learned a level 2 spell: Searing Ray
  1971 | D:2      | HP: 1/24 [orc priest/divine providence (11)]
  1974 | D:2      | Slain by an orc priest

Vanquished Creatures
  An orc wizard (D:2)
  3 gnolls (D:2)
  2 adders (D:2)
  2 worms (D:2)
  A dart slug (D:2)
  3 ball pythons
  5 endoplasms
  A giant cockroach (D:1)
  3 goblins
  3 hobgoblins
  2 jackals (D:2)
  8 kobolds
  A quokka (D:2)
  3 bats
  6 frilled lizards
  7 rats
51 creatures vanquished.

Table legend:
 A = Non-vault XP
 B = Vault XP
 C = Vault XP percentage of total XP
 D = Non-vault monster count
 E = Vault monster count
 F = Vault count percentage of total count
                 A         B        C        D         E       F
            +---------+---------+-------+---------+---------+-------
      Total |     178 |       0 |   0.0 |      51 |       0 |   0.0
            +---------+---------+-------+---------+---------+-------
        D:1 |      38 |       0 |   0.0 |      25 |       0 |   0.0
        D:2 |     140 |       0 |   0.0 |      26 |       0 |   0.0
            +---------+---------+-------+---------+---------+-------

Illustrated notes

Table legend:
 A = Kills in this place as a percentage of kills in entire the game.
 B = Kills by you in this place as a percentage of kills by you in the entire game.
 C = Kills by friends in this place as a percentage of kills by friends in the entire game.
 D = Other kills in this place as a percentage of other kills in the entire game.
 E = Experience gained in this place as a percentage of experience gained in the entire game.
 F = Experience gained in this place divided by the number of levels of this place that you have seen.
                   A       B       C       D       E      F
               +-------+-------+-------+-------+-------+----------------------
         Total | 100.0 | 100.0 |   N/A |   N/A | 100.0 |  59.3
       Dungeon | 100.0 | 100.0 |   N/A |   N/A | 100.0 |  59.3
               +-------+-------+-------+-------+-------+----------------------

Table legend: (Time is in decaauts)
 A = Elapsed time spent in this place.
 B = Non-inter-level travel time spent in this place.
 C = Inter-level travel time spent in this place.
 D = Time resting spent in this place.
 E = Time spent auto-exploring this place.
 F = Levels seen in this place.
 G = Mean time per level.
                   A        B        C        D        E       F      G
               +--------+--------+--------+--------+--------+-----+--------+
         Total |   2013 |   1865 |    148 |      0 |   1456 |   3 |  671.0 |
       Dungeon |   2013 |   1865 |    148 |      0 |   1456 |   3 |  671.0 |
               +--------+--------+--------+--------+--------+-----+--------+

Top non-repeatable levels by time:
     D:1: 1034 daAuts
     D:2: 966 daAuts
     D:3: 12 daAuts
